 Dungeon Crawl Stone Soup version 0.29-a0-367-gc2b5878c41 (webtiles) character file.

Game seed: 12411017578239129058

737 Querens the Magician (level 7, -2/36 HPs)
             Began as a Deep Elf Conjurer on May 1, 2022.
             Was an Initiate of Vehumet.
             Killed by nerve-wracking pain
             ... invoked by an orc priest
              (8 damage)
             ... on level 5 of the Dungeon.
             The game lasted 00:13:25 (2109 turns).

Querens the Magician (Deep Elf Conjurer)            Turns: 2109, Time: 00:13:26

Health: -2/36      AC:  2    Str: 10    XL:     7   Next: 46%
Magic:  8/20       EV: 12    Int: 25    God:    Vehumet [......]
Gold:   236        SH:  0    Dex: 13    Spells: 10/21 levels left

rFire   . . .      SeeInvis .   p - +0 short sword (elec)
rCold   . . .      Faith    .   (no shield)
rNeg    . . .      Spirit   .   a - +0 robe
rPois   .          Reflect  .   (no helmet)
rElec   .          Harm     .   (no cloak)
rCorr   .          Rampage  .   (no gloves)
Will    .....                   (no boots)
Stlth   ++........              (no amulet)
HPRegen 0.12/turn               q - +6 ring of strength
MPRegen 0.17/turn               (no ring)

@: very slightly contaminated
A: no striking features
a: Renounce Religion


You were on level 5 of the Dungeon.
You worshipped Vehumet.
Vehumet was noncommittal.
You visited 2 branches of the dungeon, and saw 6 of its levels.

You collected 236 gold pieces.

Inventory:

Hand Weapons
 p - a +0 short sword of electrocution (weapon)
Armour
 a - a +0 robe (worn)
Magical Staves
 e - a staff of death
Jewellery
 q - a +6 ring of strength (left hand)
 u - a ring of protection from fire
Wands
 k - a wand of flame (31)
Scrolls
 h - 2 scrolls of immolation {unknown}
 l - 2 scrolls of teleportation {unknown}
 n - 3 scrolls of fear {unknown}
 o - 3 scrolls of identify {unknown}
 r - a scroll of magic mapping {unknown}
 s - a scroll of blinking {unknown}
Potions
 b - 3 potions of magic
 c - a potion of berserk rage {unknown}
 d - a potion of brilliance {unknown}
 f - 3 potions of curing {unknown}
 g - 2 potions of haste {unknown}
 i - a potion of invisibility {unknown}
 j - 2 potions of lignification {unknown}
 m - a potion of attraction {unknown}
 t - a potion of heal wounds {unknown}
 v - a potion of degeneration {unknown}
 w - a potion of resistance {unknown}


   Skills:
 - Level 2.4 Dodging
 - Level 2.4 Stealth
 + Level 7.6 Spellcasting
 + Level 7.3 Conjurations
 + Level 3.3 Translocations


You had 10 spell levels left.
You knew the following spells:

 Your Spells              Type           Power      Damage    Failure   Level
a - Magic Dart            Conj           100%       1d8       1%          1
b - Searing Ray           Conj           92%        2d7       1%          2
c - Iskenderun's Mystic   Conj/Tloc      36%        2d9       7%          4
d - Fulminant Prism       Conj/Hex       14%        3d9       14%         4

Your spell library contained the following spells:

 Spells                   Type           Power      Damage    Failure   Level
 Dazzling Flash           Conj/Hex       56%        N/A       4%          3


Dungeon Overview and Level Annotations

Branches:
Dungeon (5/15)             Temple (1/1) D:4

Altars:
Ashenzari
Fedhas
Gozag
Hepliaklqana
Kikubaaqudgha
Nemelex Xobeh
Qazlal
Ru
Vehumet
Yredelemnul

Annotations:
D:4 slavik159's ghost, amateur HOMo
D:5 Edmund


Message History

Beogh smites you!
Unknown command.
Unknown command.
The orc priest begins to cast a cantrip, but forgets the words!
The orc priest calls upon Beogh to heal the orc priest.
The orc priest is healed somewhat.
Things that are here:
a +0 mace; an orc corpse
Casting: Iskenderun's Mystic Blast (quite dangerous; 7% risk of failure)
Confirm with . or Enter, or press ? or * to list all spells.
The spell is quite dangerous to miscast (7% risk of failure)!
Continue anyway?
You erupt in a blast of force!
The mystic blast hits the orc priest.
The orc priest is moderately wounded.
The orc priest is knocked back by the mystic blast.
The mystic blast hits Edmund!
Edmund is moderately wounded.
Edmund is knocked back by the mystic blast.
The mystic blast hits the orc priest.
The orc priest is almost dead.
The orc priest is knocked back by the mystic blast.
The orc priest calls upon Beogh to heal the orc priest.
The orc priest's wounds heal themselves!
Unknown command.
Unknown command.
Unknown command.
Unknown command.
The orc priest calls upon Beogh to heal the orc priest.
The orc priest's wounds heal themselves!
The orc priest invokes the aid of Beogh against you.
Beogh smites you!
* * * LOW HITPOINT WARNING * * *
Casting: Iskenderun's Mystic Blast (quite dangerous; 7% risk of failure)
Confirm with . or Enter, or press ? or * to list all spells.
The spell is quite dangerous to miscast (7% risk of failure)!
Continue anyway?
You miscast Iskenderun's Mystic Blast.
You are very lightly contaminated with residual magic.
Nothing appears to happen.
The orc priest mumbles some strange prayers to Beogh against you.
Pain shoots through your body!
You die...

#........####..
##.........##...
##..######...#..# #...#
##.....# . ###..##
#......#
..####...#####......##..
#................).#####
.......)..........## #
....wo.@.........# ##
.....@............# ##.
.##..o)o........... ##..
#.........###....##...
#.........# #........
...........# ##......#
............. #......#
#............# ##....##
......# ##....#


You could see Edmund, 3 orc priests and a dart slug.

Vanquished Creatures
  Sigmund (D:2)
  2 ogres (D:4)
  A scorpion (D:5)
  A hound (D:4)
  A jelly (D:4)
  An iguana (D:4)
  Natasha (thrice) (D:4)
  5 adders
  6 gnolls
  A worm (D:3)
  4 dart slugs
  10 orcs
  7 ball pythons
  6 endoplasms
  5 goblins
  6 hobgoblins
  3 kobolds
  A quokka (D:3)
  5 bats
  A frilled lizard (D:3)
  8 rats
78 creatures vanquished.

Vanquished Creatures (others)
  A plant (D:1)
1 creature vanquished.

Grand Total: 79 creatures vanquished

Notes
Turn   | Place    | Note
-------+----------+-------------------------------------------
     0 | D:1      | Querens the Deep Elf Conjurer began the quest for the Orb.
     0 | D:1      | Reached XP level 1. HP: 10/10 MP: 6/6
   251 | D:1      | Reached XP level 2. HP: 15/15 MP: 4/8
   275 | D:1      | Learned a level 2 spell: Searing Ray
   537 | D:2      | Reached skill level 5 in Conjurations
   537 | D:2      | Reached XP level 3. HP: 13/19 MP: 2/10
   811 | D:2      | Found a stormy altar of Qazlal.
   831 | D:2      | Noticed Sigmund
   838 | D:2      | Killed Sigmund
   839 | D:2      | Reached XP level 4. HP: 24/24 MP: 2/14
   839 | D:2      | Reached XP level 5. HP: 28/28 MP: 2/15
  1027 | D:3      | Learned a level 4 spell: Iskenderun's Mystic Blast
  1032 | D:3      | Learned a level 4 spell: Fulminant Prism
  1117 | D:3      | Found a faded altar of an unknown god.
  1161 | D:3      | Reached XP level 6. HP: 32/32 MP: 15/17
  1377 | D:3      | Found a sparkling altar of Nemelex Xobeh.
  1377 | D:3      | Found a stormy altar of Qazlal.
  1437 | D:4      | Reached skill level 1 in Translocations
  1449 | D:4      | Found a runed translucent door.
  1449 | D:4      | Noticed slavik159's ghost (amateur HOMo)
  1451 | D:4      | Noticed Natasha
  1454 | D:4      | Killed Natasha
  1476 | D:4      | Noticed Natasha
  1481 | D:4      | Killed Natasha
  1620 | D:4      | Reached XP level 7. HP: 13/36 MP: 3/19
  1652 | D:4      | Noticed Natasha
  1656 | D:4      | Killed Natasha
  1785 | D:4      | Found a staircase to the Ecumenical Temple.
  1798 | Temple   | Entered the Ecumenical Temple
  1803 | Temple   | Became a worshipper of Vehumet
  1983 | D:5      | Entered Level 5 of the Dungeon
  2102 | D:5      | Noticed Edmund
  2109 | D:5      | Killed from afar by an orc priest

Illustrated notes

Levels and vault maps discovered:
D:1:      lightli_arrival_farm, layout_basic, serial_glass, glass_columns_c,
          glass_columns_c, glass_columns_c, glass_columns_c, glass_columns_a,
          glass_columns_b, glass_columns_a, glass_columns_b, glass_columns_a,
          glass_columns_a, glass_columns_a, glass_columns_a, glass_columns_a,
          glass_columns_b
D:2:      layout_loops_ring, basic_altar, uniq_sigmund
D:3:      layout_rooms, gammafunk_temple_overflow_wave,
          shapermc_ecumenical_altar_notcrosses
D:4:      layout_cave_pools, minmay_temple_entry_poolview,
          hellmonk_ghost_happy_afterlife, uniq_natasha
D:5:      layout_layer_cave, amcnicky_altar_gilded,
          cheibrodos_sewer_entry_sluice, nicolae_elevator_lobby_asterisk,
          uniq_edmund, uniq_blork_the_orc
Temple:   cyrus_circular_temple

Skill      XL: |  1  2  3  4  5  6  7 |
---------------+----------------------+-----
Spellcasting   | 4 6 7 |  7.6
Conjurations   | 5 6 7 |  7.3
Translocations | 2 3 |  3.3
Dodging        | |  2.4
Stealth        | |  2.4

Action                   |  1- 3 |  4- 6 |  7- 9 || total
-------------------------+-------+-------+-------++-------
Melee: Unarmed           |     2 |       |       ||     2
 Cast: Magic Dart        |    50 |    19 |     1 ||    70
       Searing Ray       |     7 |    17 |     8 ||    32
       Iskenderun's Myst |       |     2 |     6 ||     8
Armor: Robe              |     2 |     1 |       ||     3
Dodge: Dodged            |     9 |     5 |     6 ||    20

Table legend: (Time is in decaauts)
 A = Elapsed time spent in this place.
 B = Non-inter-level travel time spent in this place.
 C = Inter-level travel time spent in this place.
 D = Time resting spent in this place.
 E = Time spent auto-exploring this place.
 F = Levels seen in this place.
 G = Mean time per level.
                   A        B        C        D        E       F      G
               +--------+--------+--------+--------+--------+-----+--------+
         Total |   2125 |   1908 |    217 |     12 |      0 |   6 |  354.2 |
       Dungeon |   2114 |   1901 |    213 |     12 |      0 |   5 |  422.8 |
        Temple |     10 |      6 |      4 |      0 |      0 |   1 |   10.0 |
               +--------+--------+--------+--------+--------+-----+--------+

Top non-repeatable levels by time:
     D:2: 543 daAuts
     D:4: 490 daAuts
     D:3: 489 daAuts
     D:1: 465 daAuts
     D:5: 125 daAuts
  Temple: 10 daAuts
